 Dungeon Sprint DCSS version 0.26-a0-1164-g1a551d6a14 (webtiles) character file.

Game seed: 85174745259772198

639 reriks the Fighter (level 7, -2/91 HPs)
             Began as an Ogre Berserker on Dec 24, 2020.
             Was a Priest of Trog.
             Slain by a centaur warrior (13 damage)
             ... in the Dungeon (Sprint I: "Red Sonja").
             The game lasted 00:01:49 (1027 turns).

reriks the Fighter (Ogre Berserker)                 Turns: 1027, Time: 00:01:49

Health: -2/91      AC:  3    Str: 24    XL:     7   Next: 50%
Magic:  7/7        EV: 13    Int:  8    God:    Trog [***...]
Gold:   211        SH:  0    Dex:  8    Spells: 6/6 levels left

rFire    . . .     SeeInvis .   j - +1 giant club
rCold    . . .     Faith    .   (shield currently unavailable)
rNeg     . . .     Spirit   .   b - +0 animal skin
rPois    .         Reflect  .   (helmet restricted)
rElec    .         Harm     .   (no cloak)
rCorr    .         Rampage  .   (gloves unavailable)
Will     ++...     NoTele   +   (boots unavailable)
Stlth    +.........             (no amulet)
HPRegen  1.25/turn              (no ring)
MPRegen  0.10/turn              (no ring)

@: berserk cooldown, regenerating, slowed, very slow
A: large, unfitting armour, tough skin 1
a: Renounce Religion, Berserk, Trog's Hand


You were in the Dungeon.
You worshipped Trog.
Trog was most pleased with you.
You visited 1 branch You collected 405 gold pieces.
You spent 194 gold pieces at shops.

Inventory:

Hand Weapons
 a - a +0 mace
 j - a +1 giant club (weapon)
Armour
 b - a +0 animal skin (worn)
Wands
 i - a wand of random effects (38)
Scrolls
 h - a scroll of blinking
 k - a scroll of amnesia
 l - a scroll of magic mapping
 n - a scroll of identify
Potions
 c - a potion of curing
 d - 3 potions of heal wounds
 e - a potion of haste
 f - 2 potions of magic
 g - a potion of berserk rage


   Skills:
 + Level 12.2 Fighting
 + Level 8.9 Maces & Flails
 + Level 8.9 Dodging


You had 6 spell levels left.
You didn't know any spells.
Your spell library was empty.

Dungeon Overview and Level Annotations

Branches:
Dungeon (1/1)

Altars:
Cheibriados
Dithmenos
Elyvilon
Fedhas
Gozag
Hepliaklqana
Kikubaaqudgha
Makhleb
Nemelex Xobeh
Okawaru
Qazlal
Ru
Sif Muna
Trog
Uskayaw
Vehumet
Wu Jian
Xom
Yredelemnul
Zin
The Shining One
Jiyva
Lugonu

Shops:
D ?


Innate Abilities, Weirdness & Mutations

You are too large for most types of armour.
You have tough skin. (AC +1)


Message History

The centaur warrior hits you! The centaur warrior misses you.
You closely miss the centaur warrior.
The centaur warrior is severely wounded.
The centaur warrior completely misses you.
The centaur warrior barely misses you.
You barely miss the centaur warrior.
The centaur warrior is heavily wounded.
You are no longer berserk.
You are exhausted.
You feel yourself slow down. The centaur warrior hits you.
The centaur warrior hits you!
* * * LOW HITPOINT WARNING * * *
You barely miss the centaur warrior.
The centaur warrior is heavily wounded.
The centaur warrior misses you. The centaur warrior hits you!
* * * LOW HITPOINT WARNING * * *
The centaur warrior barely misses you.
The centaur warrior hits you but does no damage.
The centaur warrior hits you!
You die...

######################
#<.#..'..#.)'..#__#..+
#..[..#..'..#..'..'..#
#..#####'#####'#__####
#..####..#...#(####§
#..#__####..##)#≈§≈§
#..#_____##'#_c@c§§§
#⌠⌠#_.∩...'..._#§§§.§#
####_..__##_.#'##+####
#_____###+#)# #######
###


You could see 2 centaur warriors.

Vanquished Creatures
  A slime creature (D)
  Sigmund (D)
  A yak (D)
  An ogre (D)
  A jelly (D)
  Ijyb (D)
6 creatures vanquished.

Notes
Turn   | Place    | Note
-------+----------+-------------------------------------------
     0 | D        | reriks the Ogre Berserker began the quest for the Orb.
     0 | D        | Reached XP level 1. HP: 24/24 MP: 1/1
     1 | D        | Noticed Ijyb
     7 | D        | Killed Ijyb
     8 | D        | Reached skill level 5 in Fighting
     8 | D        | Reached XP level 2. HP: 36/36 MP: 2/2
     8 | D        | Reached XP level 3. HP: 44/44 MP: 3/3
   153 | D        | Noticed an ogre
   157 | D        | Killed an ogre
   158 | D        | Reached skill level 8 in Fighting
   158 | D        | Reached skill level 5 in Maces & Flails
   158 | D        | Reached skill level 5 in Dodging
   158 | D        | Reached XP level 4. HP: 57/57 MP: 4/4
   483 | D        | Noticed Sigmund
   490 | D        | Killed Sigmund
   490 | D        | Reached ** piety under Trog
   491 | D        | Reached skill level 10 in Fighting
   491 | D        | Reached XP level 5. HP: 68/68 MP: 5/5
   491 | D        | Reached XP level 6. HP: 78/78 MP: 6/6
   657 | D        | Found a burning altar of Makhleb.
   657 | D        | Found a viscous altar of Jiyva.
   657 | D        | Found a shimmering altar of Xom.
   657 | D        | Found a corrupted altar of Lugonu.
   657 | D        | Noticed a slime creature
   663 | D        | Killed a slime creature
   664 | D        | Reached skill level 11 in Fighting
   664 | D        | Reached XP level 7. HP: 88/88 MP: 7/7
   735 | D        | Found an ornate altar of the Wu Jian Council.
   735 | D        | Found a shimmering blue altar of Sif Muna.
   737 | D        | Found a radiant altar of Vehumet.
   906 | D        | Found Ekeg's Magic Scroll Emporium.
   906 | D        | Found an ancient bone altar of Kikubaaqudgha.
   906 | D        | Found a hazy altar of Hepliaklqana.
   906 | D        | Found a stormy altar of Qazlal.
   906 | D        | Found a hide-covered altar of Uskayaw.
   906 | D        | Found a blossoming altar of Fedhas.
   906 | D        | Found a bloodstained altar of Trog.
   906 | D        | Found an iron altar of Okawaru.
   906 | D        | Found a basalt altar of Yredelemnul.
   906 | D        | Found a glowing golden altar of the Shining One.
   906 | D        | Found a snail-covered altar of Cheibriados.
   906 | D        | Found a sacrificial altar of Ru.
   906 | D        | Found a glowing silver altar of Zin.
   906 | D        | Found a shadowy altar of Dithmenos.
   906 | D        | Found a white marble altar of Elyvilon.
   906 | D        | Noticed a yak
   910 | D        | Killed a yak
   910 | D        | Reached *** piety under Trog
   911 | D        | Reached skill level 12 in Fighting
   911 | D        | Found an opulent altar of Gozag.
   955 | D        | Found a sparkling altar of Nemelex Xobeh.
   959 | D        | Bought a scroll of magic mapping for 45 gold pieces
   982 | D        | Bought a scroll of enchant weapon for 97 gold pieces
   982 | D        | Bought a scroll of identify for 26 gold pieces
   982 | D        | Bought a scroll of identify for 26 gold pieces
  1010 | D        | Noticed a centaur warrior
  1012 | D        | Noticed a centaur warrior
  1027 | D        | Slain by a centaur warrior

Illustrated notes

Levels and vault maps discovered:
D:        dungeon_sprint_1 [red_sonja_temple_1, red_sonja_temple_small_1]

Skill      XL: |  1  2  3  4  5  6  7 |
---------------+----------------------+-----
Fighting       | 5 8 10 11 12 | 12.2
Maces & Flails | 4 5 7 8 |  8.9
Dodging        | 4 5 7 8 |  8.9

Action                   |  1- 3 |  4- 6 |  7- 9 || total
-------------------------+-------+-------+-------++-------
Melee: Mace              |     8 |       |       ||     8
       Giant club        |       |    10 |    13 ||    23
Invok: Berserk           |     2 |     2 |     3 ||     7
       Trog's Hand       |       |       |     1 ||     1
  Use: Scroll            |       |       |     2 ||     2
Armor: Animal skin       |       |       |     2 ||     2
Dodge: Dodged            |     2 |     1 |     8 ||    11

Table legend: (Time is in decaauts)
 A = Elapsed time spent in this place.
 B = Non-inter-level travel time spent in this place.
 C = Inter-level travel time spent in this place.
 D = Time resting spent in this place.
 E = Time spent auto-exploring this place.
 F = Levels seen in this place.
 G = Mean time per level.
                   A        B        C        D        E       F      G
               +--------+--------+--------+--------+--------+-----+--------+
         Total |   1091 |   1091 |      0 |    932 |      0 |   1 | 1091.0 |
       Dungeon |   1091 |   1091 |      0 |    932 |      0 |   1 | 1091.0 |
               +--------+--------+--------+--------+--------+-----+--------+

Top non-repeatable levels by time:
       D: 1091 daAuts
